 Dungeon Crawl Stone Soup version 0.19.5 (webtiles) character file.

25161 tidbits the Fencer (level 12, -20/121 HPs)
             Began as a High Elf Wanderer on Oct 31, 2017.
             Was the Champion of Makhleb.
             Demolished by a glaive of venom (25 damage)
             ... on level 1 of the Elven Halls.
             The game lasted 01:48:19 (7067 turns).

tidbits the Fencer (High Elf Wanderer)              Turns: 7067, Time: 01:48:20

Health: -20/121    AC: 13    Str: 18    XL:     12   Next: 87%
Magic:  5/18       EV: 16    Int: 18    God:    Makhleb [******]
Gold:   58         SH:  0    Dex: 17    Spells: 4 memorised, 7 levels left

rFire  . . .     SeeInvis +     a - +1 triple sword (elec)
rCold  + . .     Gourm    .     B - +2 ring mail {rC+}
rNeg   . . .     Faith    .     (shield currently unavailable)
rPois  .         Spirit   .     E - +2 hat {SInv}
rElec  .         Reflect  .     C - +0 cloak
rCorr  .         Harm     .     (no gloves)
MR     ++...                    F - +1 pair of boots
Stlth  ..........               n - amulet of rage
                                v - ring of see invisible
                                H - ring of protection from magic

@: berserking (expiring), lethally poisoned (-20 -> -67), very quick
A: no striking features
a: Minor Destruction, Lesser Servant of Makhleb, Major Destruction, Greater
Servant of Makhleb, Renounce Religion, Evoke Berserk Rage


You were on level 1 of the Elven Halls.
You worshipped Makhleb.
Makhleb was exalted by your worship.
You were near starving.

You visited 3 branches of the dungeon, and saw 15 of its levels.
You visited 1 bazaar.

You collected 1158 gold pieces.
You spent 1100 gold pieces at shops.

Inventory:

Hand Weapons
 a - a +1 triple sword of electrocution (weapon)
   (You acquired it on level 10 of the Dungeon)
 b - a +0 shortbow
   (You took it off a centaur on level 6 of the Dungeon)
 c - a +0 scythe
   (You took it off Sigmund on level 3 of the Dungeon)
 e - a +5 scimitar
   (You took it off a wight on level 7 of the Dungeon)
 f - a +1 scimitar of flaming
   (You took it off Erica on level 10 of the Dungeon)
 k - a +0 hunting sling
   (You found it on level 1 of the Dungeon)
 l - a +1 dagger of venom
   (You took it off an orc priest on level 2 of the Orcish Mines)
 M - a +0 blowgun
   (You found it on level 6 of the Dungeon)
 N - a +0 arbalest
   (You found it on level 7 of the Dungeon)
Missiles
 h - 46 stones
 j - 59 bolts
 t - 10 steel tomahawks (quivered)
 x - 124 arrows
 A - 3 tomahawks of dispersal {!f}
 P - 14 tomahawks
Armour
 d - a +2 robe of the Archmagi
   (You took it off an orc sorcerer on level 1 of the Orcish Mines)
 q - a +0 troll leather armour
   (You found it on level 1 of the Orcish Mines)
 B - a +2 ring mail of cold resistance (worn)
   (You took it off an orc on level 10 of the Dungeon)
 C - a +0 cloak (worn)
   (You took it off Maurice on level 8 of the Dungeon)
 E - a +2 hat of see invisible (worn)
   (You took it off Gastronok on level 9 of the Dungeon)
 F - a +1 pair of boots (worn)
   (You bought it in a shop on level 9 of the Dungeon)
Jewellery
 n - an amulet of rage (around neck)
   (You took it off a hobgoblin on level 1 of the Dungeon)
 v - a ring of see invisible (right hand)
   (You found it on level 3 of the Dungeon)
 H - a ring of protection from magic (left hand)
   (You bought it in a shop on level 1 of the Elven Halls)
 U - an uncursed amulet of the gourmand
   (You found it on level 8 of the Dungeon)
Wands
 G - a wand of digging (10/24)
   (You took it off Blork the orc on level 5 of the Dungeon)
 I - a wand of lightning (7/15)
   (You took it off a human on level 10 of the Dungeon)
 R - a wand of flame (23/48)
   (You found it on level 7 of the Dungeon)
 S - a wand of digging (10/24)
   (You found it on level 9 of the Dungeon)
 V - a wand of iceblast (7/15)
   (You found it on level 8 of the Dungeon)
Scrolls
 i - 2 scrolls of fear {unknown}
 o - 2 scrolls of enchant weapon {unknown}
 r - 5 scrolls of remove curse
 u - a scroll of blinking {unknown}
 w - a scroll of immolation
 D - 2 scrolls of fog
 L - a scroll of enchant armour
 O - 2 scrolls of recharging
 Q - a scroll of torment {unknown}
Potions
 g - a potion of brilliance
 m - 2 potions of ambrosia
 p - 3 potions of might
 z - a potion of heal wounds
 J - a potion of agility
 K - 4 potions of curing
 T - a potion of invisibility {unknown}
 W - a potion of cancellation
 X - a potion of flight {unknown}
Books
 y - a book of Transfigurations
   (You bought it in a shop in a bazaar)

   Spells                             Type                      Level
   a - Irradiate                      Conjuration/Transmutation    5
   b - Statue Form                    Transmutation/Earth          6
   c - Hydra Form                     Transmutation                6
   d - Dragon Form                    Transmutation                7
Comestibles
 s - 6 bread rations


   Skills:
 + Level 7.4 Fighting
 * Level 16.3 Long Blades
 - Level 2.0 Throwing
 - Level 3.5 Armour
 + Level 8.0 Dodging
 - Level 1.1 Stealth
 - Level 1.0 Unarmed Combat
 - Level 3.4 Spellcasting
 - Level 2.8 Hexes
 - Level 7.0 Charms
 - Level 3.9 Necromancy
 - Level 7.2 Invocations
 - Level 6.0 Evocations


You had 7 spell levels left.
You knew the following spells:

 Your Spells              Type           Power        Failure   Level  Hunger
g - Shroud of Golubria    Chrm/Tloc      ###.......   12%         2    ##.....
r - Regeneration          Chrm/Necr      ###.......   12%         3    ###....
w - Spectral Weapon       Hex/Chrm       ###.....     12%         3    ###....
y - Song of Slaying       Chrm           ####....     2%          2    ##.....


Dungeon Overview and Level Annotations

Branches:
Dungeon (11/15)            Temple (0/1) D:6             Orc (2/2) D:10
    Elf (2/3) Orc:2
   Lair: D:8-11

Altars:
Ashenzari
Dithmenos
Gozag
Hepliaklqana
Makhleb
Yredelemnul
Beogh

Shops:
D:4 %   D:6 [   D:9 [   D:10 ([*=   Orc:1 ?   Orc:2 (*:[(   Elf:1 **

Annotations:
D:10 exclusion: downstairs
Elf:2 Louise


Message History

A glaive of venom comes into view.
You swap places.
What are your orders? t - Shout!
Orders for allies: a - Attack new target. r - Retreat! s - Stop attacking. g - Guard the area. f - Follow me.
Anything else - Cancel.
Gang up on whom?
Press: ? - help, Dir - move target cursor, f - glaive of venom
Aim: a glaive of venom Attack!
Your neqoxec completely misses the glaive of venom.
The glaive of venom hits your neqoxec!!!
Your neqoxec dies!
You feel less exhausted.
There is a stone staircase leading down here.
The glaive of venom hits you but does no damage.
You are poisoned.
You climb downwards.
You feel sick.
There is a stone staircase leading up here.
Casting: Regeneration
Confirm with . or Enter, or press ? or * to list all spells.
Your skin crawls.
You feel sick.
You feel sick.
Found a wand of lightning and 17 gold pieces.
A glaive of protection comes into view.
Unknown command.
Okay, then.
Casting: Regeneration
Confirm with . or Enter, or press ? or * to list all spells.
Space distorts slightly along a thin shroud covering your body.
Casting: Shroud of Golubria
Confirm with . or Enter, or press ? or * to list all spells.
You draw out your weapon's spirit!
You are feeling hungry.
You feel sick.
A dancing weapon, a deep elf mage and Louise come into view.
Louise is wielding a vampiric short sword.
There is a short sword of protection.
The deep elf mage shouts!
Your shroud bends the glaive of protection's attack away!
Press: ? - help, v - describe, . - travel
Here: Louise, wielding a vampiric short sword, wearing a plate armour and wearing a large shield The floor.
You feel sick.
Louise mumbles some strange words.
Louise blinks!
Your skin is crawling a little less now.
You feel sick.
There is a stone staircase leading up here.
Your shroud bends the glaive of protection's attack away!
You climb upwards.
Your summoned ally is left behind.
Your spectral weapon fades away.
The glaive of venom hits you!!
Your shroud falls apart!
You are more poisoned.
Your magical contamination has completely faded away.
There is a stone staircase leading down, spattered with blood here.
Okay, then.
A red film seems to cover your vision as you go berserk!
You feel yourself moving faster!
You feel mighty!
You are feeling very hungry.
You feel sick. The glaive of venom misses you.
You miss the glaive of venom.
You feel sick.
You barely miss the glaive of venom.
You feel sick. The glaive of venom hits you!!
* * * LOW HITPOINT WARNING * * *
You are more poisoned.
You hit the glaive of venom but do no damage.
You feel very sick. The glaive of venom hits you.
* * * LOW HITPOINT WARNING * * *
You barely miss the glaive of venom.
Your skin stops crawling.
* * * LOW HITPOINT WARNING * * *
You feel sick.
You are near starving!
You hit the glaive of venom.
The glaive of venom is lightly damaged.
* * * LOW HITPOINT WARNING * * *
You feel very sick. The glaive of venom hits you!
* * * LOW HITPOINT WARNING * * *
You are too berserk!
Unknown command.
Your ring mail prevents you from hitting the glaive of venom.
The glaive of venom is lightly damaged.
* * * LOW HITPOINT WARNING * * *
You feel sick. The glaive of venom hits you.
* * * LOW HITPOINT WARNING * * *
You are more poisoned.
You slice the glaive of venom!!
The glaive of venom is severely damaged.
* * * LOW HITPOINT WARNING * * *
You feel very sick.
You miss the glaive of venom.
The glaive of venom is severely damaged.
* * * LOW HITPOINT WARNING * * *
You feel very sick. The glaive of venom hits you!!
You die...

...# .... .....
#.. ..... ##'#
..... ##.# ....#
.# ##.## ....#
#.# ##.## #.#
##.## #.# ##(##
#.# ##@##
#.###.## ##'##.##
##########).#'##
.........()...###
##########[.....#
#....### #..###
####


You could see a glaive of venom.

Vanquished Creatures
  Gastronok (D:9)
  2 orc warlords
  Erica (D:10)
  A dancing weapon (Elf:1)
  An orc high priest (Orc:2)
  2 deep elf knights (Elf:1)
  An orc knight (Orc:2)
  2 orc sorcerers
  9 deep elf magi
  Maurice (D:8)
  A gargoyle (D:10)
  6 trolls
  Grinder (D:4)
  2 hippogriffs (D:10)
  Sigmund (D:3)
  A fire elemental (Elf:1)
  2 wyverns (D:9)
  5 humans (D:10)
  10 yaks
  A vampire (D:9)
  3 wargs
  A water moccasin (D:9)
  28 orc warriors
  2 phantoms
  A necrophage (D:8)
  12 ogres
  4 centaurs
  Blork the orc (D:5)
  A big kobold (D:10)
  2 bullfrogs
  6 scorpions
  9 wights
  2 howler monkeys
  An electric eel (Orc:1)
  A centaur zombie (D:5)
  4 hounds
  A crimson imp (D:8)
  22 orc priests
  A gnoll shaman (D:6)
  A jelly (D:10)
  A centaur skeleton (D:6)
  A bullfrog skeleton (D:6)
  20 orc wizards
  Jessica (D:3)
  2 iguanas
  Natasha (twice) (D:3)
  8 worker ants
  Ijyb (D:2)
  Robin (D:3)
  3 gnolls (D:6)
  A howler monkey skeleton (D:6)
  6 adders
  3 shadow imps
  2 adder skeletons (D:4)
  An adder zombie (D:5)
  2 worms
  4 dart slugs
  8 leopard geckos
  74 orcs
  10 bats
  2 giant cockroaches (D:4)
  18 hobgoblins
  19 jackals
  5 quokkas
  2 ball pythons (D:4)
  7 frilled lizards
  A giant cockroach zombie (D:5)
  7 goblins
  A jackal zombie (D:5)
  7 kobolds
  6 rats
380 creatures vanquished.

Vanquished Creatures (collateral kills)
  An orc sorcerer (Orc:2)
  8 orcs (Orc:2)
9 creatures vanquished.

Vanquished Creatures (others)
  A deep elf knight (Elf:1)
  2 orc wizards (Orc:2)
  3 orcs (Orc:2)
  8 spectral weapons
14 creatures vanquished.

Grand Total: 403 creatures vanquished

Notes
Turn   | Place    | Note
-------+----------+-------------------------------------------
     0 | D:1      | tidbits the High Elf Wanderer began the quest for the Orb.
     0 | D:1      | tidbits set off with: a book of Battle, a potion of curing, a scroll of teleportation, a +0 robe, a +0 dagger, a bread ration
     0 | D:1      | Reached XP level 1. HP: 11/11 MP: 4/4
     2 | D:1      | Learned a level 1 spell: Infusion
   117 | D:1      | Reached skill level 1 in Fighting
   179 | D:1      | Reached XP level 2. HP: 9/18 MP: 3/6
   228 | D:2      | Found a faded altar of an unknown god.
   236 | D:2      | Became a worshipper of Makhleb the Destroyer
   236 | D:2      | Reached * piety under Makhleb
   319 | D:2      | Noticed Ijyb
   333 | D:2      | Reached skill level 2 in Dodging
   337 | D:2      | Learned a level 2 spell: Song of Slaying
   340 | D:2      | Learned a level 2 spell: Shroud of Golubria
   534 | D:1      | Reached XP level 3. HP: 22/24 MP: 3/7
   643 | D:1      | Reached skill level 2 in Fighting
   704 | D:1      | Reached ** piety under Makhleb
   812 | D:2      | Reached skill level 1 in Invocations
   959 | D:2      | Killed Ijyb
   959 | D:2      | Reached XP level 4. HP: 30/30 MP: 0/8
   996 | D:2      | Found a shattered altar of Ashenzari.
   996 | D:2      | Found a hazy altar of Hepliaklqana.
  1128 | D:3      | Noticed Natasha
  1137 | D:3      | Killed Natasha
  1137 | D:3      | Reached skill level 2 in Invocations
  1254 | D:3      | Noticed Sigmund
  1255 | D:3      | Noticed Natasha
  1304 | D:3      | Killed Natasha
  1304 | D:3      | Reached skill level 3 in Dodging
  1304 | D:3      | Reached XP level 5. HP: 36/36 MP: 7/10
  1344 | D:3      | Killed Sigmund
  1344 | D:3      | Reached skill level 3 in Fighting
  1344 | D:3      | Reached skill level 3 in Spellcasting
  1344 | D:3      | Reached skill level 1 in Evocations
  1344 | D:3      | Reached XP level 6. HP: 42/42 MP: 8/11
  1349 | D:3      | Learned a level 3 spell: Regeneration
  1353 | D:3      | Learned a level 3 spell: Spectral Weapon
  1520 | D:3      | Noticed Jessica
  1552 | D:3      | Killed Jessica
  1617 | D:4      | Reached skill level 3 in Invocations
  1704 | D:4      | Reached skill level 4 in Charms
  1704 | D:4      | Reached skill level 1 in Necromancy
  1705 | D:4      | Reached XP level 7. HP: 20/46 MP: 7/13
  1816 | D:4      | Found Test's Food Boutique.
  1889 | D:4      | Reached skill level 2 in Necromancy
  1895 | D:5      | Entered Level 5 of the Dungeon
  1912 | D:4      | Noticed Grinder
  1952 | D:4      | Paralysed by Grinder for 2 turns
  1957 | D:4      | Killed Grinder
  1957 | D:4      | Reached skill level 5 in Charms
  2006 | D:4      | Reached skill level 6 in Charms
  2006 | D:4      | Reached skill level 3 in Necromancy
  2177 | D:4      | Reached XP level 8. HP: 53/53 MP: 6/14
  2179 | D:4      | Reached *** piety under Makhleb
  2339 | D:3      | Noticed Robin
  2370 | D:3      | Killed Robin
  2459 | D:4      | Reached skill level 7 in Charms
  2642 | D:5      | Noticed Blork the orc
  2653 | D:5      | Killed Blork the orc
  2653 | D:5      | Reached skill level 4 in Fighting
  2653 | D:5      | Reached skill level 4 in Dodging
  2653 | D:5      | Reached skill level 1 in Hexes
  2774 | D:5      | Reached skill level 2 in Hexes
  2841 | D:7      | Reached skill level 5 in Dodging
  2896 | D:6      | Reached skill level 2 in Long Blades
  2955 | D:6      | Reached **** piety under Makhleb
  3102 | D:6      | Reached skill level 3 in Long Blades
  3211 | D:6      | Found a shadowy altar of Dithmenos.
  3216 | D:6      | Found a staircase to the Ecumenical Temple.
  3249 | D:6      | Reached XP level 9. HP: 58/60 MP: 7/15
  3255 | D:6      | Reached skill level 4 in Long Blades
  3307 | D:6      | Found Dieduomi's Armour Shop.
  3510 | D:7      | Reached skill level 5 in Long Blades
  3538 | D:7      | Found an opulent altar of Gozag.
  3633 | D:7      | Reached skill level 6 in Long Blades
  3819 | D:7      | Reached skill level 7 in Long Blades
  3945 | D:8      | Reached skill level 8 in Long Blades
  3973 | D:8      | Noticed Maurice
  3985 | D:8      | Killed Maurice
  3985 | D:8      | Reached skill level 9 in Long Blades
  4128 | D:8      | Reached skill level 2 in Evocations
  4183 | D:9      | Reached ***** piety under Makhleb
  4213 | D:9      | Reached skill level 10 in Long Blades
  4218 | D:9      | Reached XP level 10. HP: 65/65 MP: 14/16
  4219 | D:9      | Reached skill level 4 in Invocations
  4263 | D:9      | Reached skill level 3 in Evocations
  4326 | D:9      | Found Akhoblupn's Antique Armour Shop.
  4356 | D:9      | Noticed Gastronok
  4390 | D:9      | Killed Gastronok
  4390 | D:9      | Reached skill level 11 in Long Blades
  4390 | D:9      | Reached skill level 5 in Invocations
  4390 | D:9      | Reached skill level 4 in Evocations
  4473 | D:9      | Reached skill level 6 in Invocations
  4476 | D:9      | Reached skill level 5 in Evocations
  4497 | D:9      | Bought a pair of embroidered boots for 210 gold pieces
  4537 | D:10     | Entered Level 10 of the Dungeon
  4615 | D:10     | Noticed a gargoyle
  4788 | D:8      | Noticed a deep elf mage
  4796 | D:8      | Killed a deep elf mage
  4810 | D:8      | Got a transparent mace
  4812 | D:8      | Identified the cursed +3 mace of Kinnyth {flame, MP+9 Dex+10} (You found it on level 8 of the Dungeon)
  4906 | D:10     | Found Ussar's Antique Weapon Boutique.
  4947 | D:11     | Reached skill level 7 in Invocations
  4951 | D:11     | Reached XP level 11. HP: 70/70 MP: 10/17
  4955 | D:11     | Reached skill level 6 in Evocations
  4957 | D:11     | Noticed an eight-headed hydra
  4965 | D:10     | Found a basalt altar of Yredelemnul.
  4973 | D:10     | Reached skill level 1 in Armour
  5023 | D:10     | Found a staircase to the Orcish Mines.
  5042 | D:10     | Noticed Erica
  5077 | D:10     | Killed Erica
  5077 | D:10     | Reached skill level 3 in Armour
  5091 | D:10     | Found Odghutz's General Store.
  5101 | D:10     | Bought a scroll of fog for 28 gold pieces
  5101 | D:10     | Bought a potion of degeneration for 14 gold pieces
  5101 | D:10     | Bought a potion of heal wounds for 70 gold pieces
  5140 | D:10     | Found Hoevitam's Antique Armour Shoppe.
  5161 | D:10     | Found Ycvosch's Jewellery Emporium.
  5199 | D:10     | Reached skill level 5 in Fighting
  5263 | D:10     | Reached skill level 12 in Long Blades
  5404 | D:10     | Identified a scroll of acquirement
  5410 | Orc:1    | Entered Level 1 of the Orcish Mines
  5461 | Orc:1    | Noticed an orc warlord
  5469 | Orc:1    | Killed an orc warlord
  5469 | Orc:1    | Reached skill level 6 in Dodging
  5475 | Orc:1    | Reached skill level 6 in Fighting
  5529 | Orc:1    | Noticed an orc sorcerer
  5539 | Orc:1    | Killed an orc sorcerer
  5591 | Orc:1    | Found Wiodugun's Magic Scroll Shop.
  5600 | Orc:1    | Found a roughly hewn altar of Beogh.
  5602 | Orc:1    | Bought a scroll of identify for 20 gold pieces
  5630 | Orc:1    | Reached skill level 13 in Long Blades
  5722 | Orc:1    | Found a burning altar of Makhleb.
  5782 | Orc:2    | Entered Level 2 of the Orcish Mines
  5792 | Orc:2    | Found a roughly hewn altar of Beogh.
  5800 | Orc:2    | Found Wsintuih's Whimsical Warehouse.
  5806 | Orc:2    | Reached ****** piety under Makhleb
  5834 | Orc:2    | Found a staircase to the Elven Halls.
  5958 | Orc:2    | Found a roughly hewn altar of Beogh.
  6050 | Orc:2    | Found a flickering gateway to a bazaar.
  6063 | Orc:2    | Found a roughly hewn altar of Beogh.
  6100 | Orc:2    | Reached XP level 12. HP: 60/80 MP: 15/18
  6137 | Bazaar   | Entered a bazaar
  6151 | Bazaar   | Found Oga Hues's Antique Armour Shoppe.
  6173 | Bazaar   | Found Fiwk's Book Shoppe.
  6194 | Bazaar   | Found Juidiebb's Weapon Emporium.
  6194 | Bazaar   | Found Leumem's Assorted Antiques.
  6215 | Bazaar   | Found Ocoluh's Antique Armour Emporium.
  6260 | Bazaar   | Bought a scroll of identify for 44 gold pieces
  6275 | Bazaar   | Bought a book of Transfigurations for 550 gold pieces
  6406 | Orc:2    | Found a roughly hewn altar of Beogh.
  6412 | Orc:2    | Found Ippul's Antique Weapon Shoppe.
  6501 | Orc:2    | Noticed an orc high priest
  6515 | Orc:2    | Killed an orc high priest
  6515 | Orc:2    | Reached skill level 14 in Long Blades
  6543 | Orc:2    | Noticed an orc warlord
  6563 | Orc:2    | Killed an orc warlord
  6597 | Orc:2    | Reached skill level 15 in Long Blades
  6609 | Orc:2    | Found Rouwaton's Antique Armour Shoppe.
  6611 | Orc:2    | Found a roughly hewn altar of Beogh.
  6614 | Orc:2    | Found Fuugih's Antique Weapon Emporium.
  6677 | Orc:2    | Found a roughly hewn altar of Beogh.
  6740 | Orc:2    | Found a roughly hewn altar of Beogh.
  6754 | Orc:2    | Found Umosir Vaage's Book Emporium.
  6826 | Elf:1    | Entered Level 1 of the Elven Halls
  6837 | Elf:1    | Reached skill level 7 in Dodging
  6923 | Elf:1    | Found Uqur's Assorted Antiques.
  6926 | Elf:1    | Reached skill level 7 in Fighting
  6938 | Elf:1    | Bought a scratched tourmaline ring for 115 gold pieces
  6938 | Elf:1    | Bought a scroll labeled NIOFOA OCYSOU for 23 gold pieces
  6948 | Elf:1    | Found Jaap Muwam's Assorted Antiques.
  6954 | Elf:1    | Bought a fizzy dark potion for 26 gold pieces
  6993 | Elf:1    | Reached skill level 16 in Long Blades
  7004 | Elf:1    | Reached skill level 8 in Dodging
  7052 | Elf:2    | Noticed Louise
  7065 | Elf:1    | HP: 12/121 [glaive of venom (6)]
  7067 | Elf:1    | HP: 5/121 [poisoned by a glaive of venom]
  7067 | Elf:1    | Demolished by a glaive of venom

Skill      XL: |  1  2  3  4  5  6  7  8  9 10 11 12 |
---------------+-------------------------------------+-----
Fighting       | 1 2 3 4 6 7 |  7.4
Dodging        | 2 3 5 6 8 |  8.0
Invocations    | 1 2 3 7 |  7.2
Spellcasting   | 3 |  3.4
Evocations     | 1 2 5 6 |  6.0
Charms         | 4 6 7 |  7.0
Necromancy     | 1 3 |  3.9
Hexes          | 2 |  2.8
Long Blades    | 3 10 11 13 16 | 16.3
Armour         | 3 |  3.5
Throwing       | |  2.0
Stealth        | |  1.1
Unarmed Combat | |  1.0

Action                   |  1- 3 |  4- 6 |  7- 9 | 10-12 || total
-------------------------+-------+-------+-------+-------++-------
Melee: Dagger            |    68 |       |       |       ||    68
       Short sword       |    40 |    82 |   372 |       ||   494
       Punch             |       |     1 |       |       ||     1
       Scimitar          |       |       |    40 |   136 ||   176
       Triple sword      |       |       |       |   233 ||   233
 Fire: Hunting sling     |       |    24 |     1 |       ||    25
Throw: Stone             |     5 |     1 |       |     3 ||     9
       Tomahawk          |       |       |    10 |    15 ||    25
 Cast: Infusion          |    19 |    15 |    20 |       ||    54
       Shroud of Golubri |       |     3 |    25 |     7 ||    35
       Regeneration      |       |       |    15 |    33 ||    48
       Spectral Weapon   |       |       |    25 |    51 ||    76
       Song of Slaying   |       |       |     1 |       ||     1
Invok: Lesser Servant of |       |       |       |     7 ||     7
 Abil: Evoke Berserk Rag |     2 |     7 |    17 |    13 ||    39
Evoke: Wand              |       |       |       |    16 ||    16
  Use: Potion            |     1 |     2 |       |     3 ||     6
       Scroll            |     1 |     4 |     6 |    16 ||    27
 Stab: Sleeping          |     1 |       |     1 |       ||     2
       Distracted        |       |       |     4 |     3 ||     7
  Eat: Chunk             |     2 |     3 |    25 |    22 ||    52
       Meat ration       |       |     1 |     1 |     1 ||     3
       Beef jerky        |       |     1 |     1 |     1 ||     3
       Bread ration      |       |       |       |     1 ||     1
Armor: Ring mail         |    46 |    27 |    80 |   105 ||   258
       Robe              |     1 |       |       |       ||     1
       Skin              |       |    16 |       |       ||    16
Dodge: Dodged            |    69 |    61 |   257 |   187 ||   574
       Rpst.: Scimitar   |       |       |     9 |    14 ||    23
       Triple sword      |       |       |       |    37 ||    37

Table legend:
 A = Turns spent in this place as a percentage of turns spent in the entire game.
 B = Non-inter-level travel turns spent in this place as a percentage of non-inter-level travel turns spent in the entire game.
 C = Inter-level travel turns spent in this place as a percentage of turns spent in this place.
 D = Turns resting spent in this place as a percentage of non-inter-level travel turns spent in this place.
 E = Turns spent auto-exploring this place as a percentage of non-inter-level travel turns spent in this place.
 F = Non-inter-level travel turns spent in this place divided by the number of levels of this place that you've seen.
                   A       B       C       D       E      F
               +-------+-------+-------+-------+-------+----------------------
         Total | 100.0 | 100.0 |   0.1 |   0.1 |   0.0 | 432.9
       Dungeon |  75.4 |  75.4 |   0.1 |   0.1 |   0.0 | 474.8
  Orcish Mines |  19.3 |  19.3 |   0.1 |   0.0 |   0.0 | 667.0
   Elven Halls |   3.4 |   3.4 |   0.0 |   0.0 |   0.0 | 117.5
        Bazaar |   1.9 |   1.9 |   0.0 |   0.0 |   0.0 | 134.0
               +-------+-------+-------+-------+-------+----------------------

Table legend:
 A = Kills in this place as a percentage of kills in entire the game.
 B = Kills by you in this place as a percentage of kills by you in the entire game.
 C = Kills by friends in this place as a percentage of kills by friends in the entire game.
 D = Other kills in this place as a percentage of other kills in the entire game.
 E = Experience gained in this place as a percentage of experience gained in the entire game.
 F = Experience gained in this place divided by the number of levels of this place that you have seen.
                   A       B       C       D       E      F
               +-------+-------+-------+-------+-------+----------------------
         Total | 100.0 | 100.0 | 100.0 | 100.0 | 100.0 | 2246.6
       Dungeon |  64.1 |  65.8 |   0.0 |   0.0 |  42.5 | 1388.2
  Orcish Mines |  32.6 |  31.1 | 100.0 |   0.0 |  35.7 | 6411.0
   Elven Halls |   3.3 |   3.2 |   0.0 | 100.0 |  21.8 | 3926.5
               +-------+-------+-------+-------+-------+----------------------

Vault maps used:
D:1:      saegor_arrival_simple_b
D:2:      gammafunk_temple_overflow_elements, ecumenical_altar_2, first_bread,
          uniq_iyjb, uniq_crazy_yiuf_cottage
D:3:      serial_corexii_hall, corexii_hall_statues_l,
          corexii_hall_statues_deadend, corexii_hall_statues_deadend,
          minmay_misc_feat_ornament, uniq_sigmund, uniq_natasha, uniq_robin,
          uniq_jessica
D:4:      serial_shops, nicolae_shop_stone, uniq_grinder
D:5:      uniq_blork_the_orc, uniq_duvessa
D:6:      minmay_temple_entry_mist, serial_shops, kennysheep_mini_moat,
          basic_altar, hangedman_decor_push, hangedman_abyss_or_decor_stabs
D:7:      kennysheep_mini
D:8:      grunt_pizzeria, minivault_19, serial_bayou_pond_c,
          minmay_diamond_spiral, uniq_maurice
D:9:      lair_0_dummy, serial_shops, kennysheep_little_box, uniq_gastronok
D:10:     orc_0_dummy, serial_shops, shop, shop, shop,
          nicolae_shop_temple_entry_statues_fountains, basic_altar,
          grunt_decor_arrowhead, minmay_ruffians, uniq_erica
D:11:     serial_bayou_pond_c, minivault_28
Orc:1:    basic_altar, serial_shops, shop, nicolae_orc_flooded_monolith,
          lemuel_statue_altar
Orc:2:    grunt_orc_community_town_hall, grunt_orc_community_big_house_2,
          grunt_orc_community_big_house_2, grunt_orc_community_house_1,
          grunt_orc_community_house_1, grunt_orc_community_house_1,
          grunt_orc_community_house_1, grunt_orc_community_house_3,
          grunt_orc_community_house_2, serial_shops, freezing_bzr, basic_altar,
          nicolae_alphabet_shops
Elf:1:    eino_elf_arrival_customs, serial_shops, nicolae_shop_window_shopping,
          nicolae_shop_stone, nicolae_shop_stone, shop,
          hangedman_elven_crosses_minicolossus, uniq_agnes
Elf:2:    uniq_louise
Bazaar:   bazaar_long_row
